 Dungeon Crawl Stone Soup version 0.24-a0-525-g9231cdc (console) character file.

Game seed: 7767364656003085741

531 HarryHood the Cudgeler (level 7, 0/94 HPs)
             Began as a Minotaur Berserker on Aug 3, 2019.
             Was a Priest of Trog.
             Engulfed by Pikel's freezing vapour (5 damage)
             ... on level 4 of the Dungeon.
             The game lasted 00:17:35 (2722 turns).

HarryHood the Cudgeler (Minotaur Berserker)         Turns: 2722, Time: 00:17:36

Health: 0/94       AC: 13    Str: 28    XL:     7   Next: 3%
Magic:  6/6        EV:  9    Int:  4    God:    Trog [***...]
Gold:   187        SH:  4    Dex: 10    Spells: 6/6 levels left

rFire    . . .     SeeInvis .   a - +0 flail
rCold    + . .     Gourm    +   g - +0 buckler
rNeg     . . .     Faith    .   q - +4 chain mail {rC+}
rPois    .         Spirit   .   (helmet restricted)
rElec    .         Reflect  .   (no cloak)
rCorr    .         Harm     .   (no gloves)
MR       .....                  (no boots)
Stlth    ..........             m - amulet of the gourmand
HPRegen  0.25/turn              (no ring)
MPRegen  0.10/turn              (no ring)

@: berserking, very quick
A: retaliatory headbutt, horns 2
a: Berserk, Trog's Hand, Renounce Religion


You were on level 4 of the Dungeon.
You worshipped Trog.
Trog was most pleased with you.
You were very full.

You visited 1 branch of the dungeon, and saw 4 of its levels.

You collected 187 gold pieces.

Inventory:

Hand Weapons
 a - a +0 flail (weapon)
 b - a +0 hunting sling
Missiles
 c - 41 sling bullets (quivered)
Armour
 g - a +0 buckler (worn)
 q - a +4 chain mail of cold resistance (worn)
Jewellery
 f - a cursed ring of attention {unknown}
 m - an amulet of the gourmand (around neck)
Scrolls
 d - a scroll of amnesia {unknown}
 h - 3 scrolls of magic mapping {@r5}
Potions
 i - a potion of lignification {!q}
 j - a potion of curing {@q2}
 k - 2 potions of might
 l - 2 potions of brilliance
 o - a potion of heal wounds {@q1}
Comestibles
 e - 8 rations {@e1}


   Skills:
 - Level 6.0 Fighting
 - Level 6.8 Maces & Flails
 + Level 3.6 Armour
 - Level 2.1 Dodging
 * Level 3.7 Shields


You had 6 spell levels left.
You didn't know any spells.
Your spell library was empty.

Dungeon Overview and Level Annotations

Branches:
Dungeon (4/15)
 Temple: D:4-7

Altars:
Xom

Annotations:
D:4 Pikel


Innate Abilities, Weirdness & Mutations

You reflexively headbutt those who attack you in melee.
You have a pair of horns on your head.


Message History

Pikel hits you but does no damage.
You hit Pikel but do no damage.
You are engulfed in freezing vapours.
You resist.
* * * LOW HITPOINT WARNING * * *
Pikel closely misses you.
You take 7 damage, and have 10/63 hp.
You closely miss Pikel. Your headbutt misses Pikel.
You are engulfed in freezing vapours.
You resist.
* * * LOW HITPOINT WARNING * * *
Pikel barely misses you.
You take 4 damage, and have 6/63 hp.
A red film seems to cover your vision as you go berserk!
You feel yourself moving faster!
You feel mighty!
You are engulfed in freezing vapours.
You resist.
* * * LOW HITPOINT WARNING * * *
Pikel closely misses you.
You now have 5/94 hp.
You barely miss Pikel. Your headbutt misses Pikel.
You are engulfed in freezing vapours.
You resist.
You die...

###### #....#
#....# #....#
#######
#§§§.###.....######
#§§§..(............
##§#####.....######
#@# #.....# #K#
#.....# #p# #.....#
#p# #.....# #p#
#.....# #p# #.....#
#.# #.....# #.#
#...[.# #.....#


You could see Pikel and 4 slaves.

Vanquished Creatures
  Grinder (D:3)
  A bullfrog (D:3)
  Blork the orc (D:4)
  A bullfrog skeleton (D:4)
  A worker ant (D:4)
  Terence (D:3)
  Robin (D:2)
  4 gnolls (D:3)
  An adder (D:3)
  3 dart slugs
  4 leopard geckos
  3 orcs
  3 bats (D:1)
  4 giant cockroaches
  11 goblins
  9 hobgoblins
  5 jackals
  2 ball pythons (D:3)
  5 frilled lizards
  7 kobolds
  7 rats
75 creatures vanquished.

Notes
Turn   | Place    | Note
-------+----------+-------------------------------------------
     0 | D:1      | HarryHood the Minotaur Berserker began the quest for the
                  | Orb.
     0 | D:1      | Reached XP level 1. HP: 19/19 MP: 0/0
   103 | D:1      | Reached skill level 4 in Fighting
   127 | D:1      | Reached XP level 2. HP: 26/28 MP: 1/1
   570 | D:1      | Reached skill level 5 in Fighting
   600 | D:1      | Reached ** piety under Trog
   689 | D:1      | Reached XP level 3. HP: 33/36 MP: 2/2
  1255 | D:2      | Noticed Robin
  1272 | D:2      | Killed Robin
  1427 | D:3      | Reached skill level 6 in Fighting
  1427 | D:3      | Reached XP level 4. HP: 36/44 MP: 3/3
  1438 | D:3      | Reached skill level 4 in Maces & Flails
  1675 | D:3      | Noticed Grinder
  1676 | D:3      | Noticed a bullfrog
  1683 | D:3      | Killed Grinder
  1683 | D:3      | Reached skill level 6 in Maces & Flails
  1683 | D:3      | Reached XP level 5. HP: 50/50 MP: 4/4
  1683 | D:3      | Reached XP level 6. HP: 57/57 MP: 5/5
  1706 | D:3      | Reached skill level 1 in Shields
  1827 | D:3      | Found a shimmering altar of Xom.
  1906 | D:3      | Found a faded altar of an unknown god.
  1908 | D:3      | Reached skill level 2 in Shields
  2015 | D:3      | Noticed Terence
  2025 | D:3      | Killed Terence
  2025 | D:3      | Reached skill level 3 in Armour
  2558 | D:4      | Noticed Blork the orc
  2568 | D:4      | Killed Blork the orc
  2568 | D:4      | Reached *** piety under Trog
  2568 | D:4      | Reached skill level 3 in Shields
  2570 | D:4      | Reached XP level 7. HP: 55/63 MP: 6/6
  2697 | D:4      | Noticed Pikel
  2720 | D:4      | HP: 6/63 [Pikel] (4)]
  2722 | D:4      | Engulfed by Pikel's freezing vapour

Levels and vault maps discovered:
D:1:      lordsloth_arrival_two_stooges, layout_loops_ring, serial_rivers,
          chequers_serial_rivers_micro_d, chequers_serial_rivers_marsh,
          chequers_serial_rivers_small_3, chequers_serial_rivers_room_a
D:2:      layout_loops_ring, minmay_misc_feat_nine_boxes,
          kennysheep_big_empty_room, uniq_robin
D:3:      layout_basic, old_standard_altar, first_ration,
          chequers_ecumenical_altar_simple, uniq_terence, uniq_grinder
D:4:      layout_basic, grunt_gozag_breadcrumbs, uniq_blork_the_orc,
          uniq_menkaure, uniq_pikel

Skill      XL: |  1  2  3  4  5  6 |
---------------+-------------------+-----
Fighting       | 4 5 6 |  6.0
Maces & Flails | 6 |  6.8
Shields        | 3 |  3.7
Armour         | 3 |  3.6
Dodging        | |  2.1

Action                   |  1- 3 |  4- 6 |  7- 9 || total
-------------------------+-------+-------+-------++-------
Melee: Mace              |    79 |    96 |       ||   175
       Headbutt          |    13 |    18 |     4 ||    35
       Flail             |       |     6 |    27 ||    33
Invok: Berserk           |       |     1 |     1 ||     2
  Use: Scroll            |     6 |     3 |       ||     9
  Eat: Chunk             |     2 |    26 |       ||    28
Armor: Ring mail         |    11 |       |       ||    11
       Animal skin       |     1 |       |       ||     1
       Chain mail        |    25 |    39 |    12 ||    76
Dodge: Dodged            |    36 |    42 |     5 ||    83
Block: Buckler           |    10 |    16 |     4 ||    30

Table legend:
 A = Non-vault XP
 B = Vault XP
 C = Vault XP percentage of total XP
 D = Non-vault monster count
 E = Vault monster count
 F = Vault count percentage of total count
                 A         B        C        D         E       F
            +---------+---------+-------+---------+---------+-------
      Total |     343 |     416 |  54.8 |      65 |      10 |  13.3
            +---------+---------+-------+---------+---------+-------
        D:1 |      42 |       0 |   0.0 |      23 |       0 |   0.0
        D:2 |      11 |      27 |  71.1 |       6 |       7 |  53.8
        D:3 |     210 |     304 |  59.1 |      31 |       2 |   6.1
        D:4 |      80 |      85 |  51.5 |       5 |       1 |  16.7
            +---------+---------+-------+---------+---------+-------
